 Dungeon Crawl Stone Soup version 0.24-a0-769-g368c1644f8 (webtiles) character file.

Game seed: 14537253321659564734, levelgen mode: deterministic

464 MalarOregon the Conjurer (level 6, -1/51 HPs)
             Began as a Draconian Conjurer on Oct 5, 2019.
             Slain by highc0's ghost (10 damage)
             ... on level 4 of the Dungeon.
             The game lasted 00:10:19 (4851 turns).

MalarOregon the Conjurer (Draconian Conjurer)       Turns: 4851, Time: 00:10:20

Health: -1/51      AC:  9    Str: 13    XL:     6   Next: 80%
Magic:  2/11       EV: 12    Int: 18    God:
Gold:   225        SH:  3    Dex: 11    Spells: 4/12 levels left

rFire    . . .     SeeInvis .   z - +2 whip (elec)
rCold    . . .     Gourm    .   (no shield)
rNeg     . . .     Faith    .   (armour unavailable)
rPois    .         Spirit   .   (helmet restricted)
rElec    .         Reflect  +   s - +2 cloak
rCorr    .         Harm     .   (no gloves)
MR       .....                  (no boots)
Stlth    ++........             r - +3 amulet of reflection
HPRegen  0.17/turn              p - +3 ring of strength
MPRegen  0.12/turn              (no ring)

@: no status effects
A: unfitting armour, cold-blooded, AC +6
a: no special abilities


You were on level 4 of the Dungeon.
You were hungry.

You visited 1 branch of the dungeon, and saw 4 of its levels.

You collected 225 gold pieces.

Inventory:

Hand Weapons
 u - a +0 falchion
   (You took it off an orc on level 3 of the Dungeon)
 z - a +2 whip of electrocution (weapon)
   (You took it off an orc on level 4 of the Dungeon)
Missiles
 b - 18 poisoned darts (quivered)
 y - a throwing net {!f}
Armour
 s - a +2 cloak (worn)
   (You found it on level 3 of the Dungeon)
Jewellery
 p - a +3 ring of strength (left hand)
   (You found it on level 3 of the Dungeon)
 r - a +3 amulet of reflection (around neck)
   (You found it on level 4 of the Dungeon)
Wands
 d - a wand of iceblast (8)
   (You found it on level 3 of the Dungeon)
 m - a wand of polymorph (8)
   (You found it on level 2 of the Dungeon)
Scrolls
 c - 2 scrolls of identify {@r1}
 f - 2 scrolls of remove curse {@r2}
 g - a scroll of teleportation {unknown}
 h - a scroll of enchant weapon {unknown}
 i - 2 scrolls of noise {unknown}
 k - 2 scrolls of amnesia {unknown}
 n - a scroll of enchant armour {unknown}
 o - 2 scrolls of blinking {unknown}
Potions
 a - a potion of agility
 j - 2 potions of mutation {!q}
 l - 3 potions of might
 q - 2 potions of curing {@q1}
 t - a potion of heal wounds {unknown}
 v - a potion of lignification {unknown}
 w - a potion of cancellation {unknown}
Comestibles
 e - 7 rations {!d}
 x - 7 chunks of flesh


   Skills:
 + Level 3.6 Fighting
 - Level 1.7 Dodging
 - Level 1.7 Stealth
 + Level 3.7 Spellcasting
 * Level 6.4 Conjurations


You had 4 spell levels left.
You knew the following spells:

 Your Spells              Type           Power        Failure   Level  Hunger
a - Magic Dart            Conj           ####         1%          1    None
s - Dazzling Spray        Conj/Hex       ###...       12%         3    ###....
x - Iskenderun's Mystic   Conj           ####....     11%         4    ####...

Your spell library contained the following spells:

 Spells                   Type           Power        Failure   Level  Hunger
 Searing Ray              Conj           ####..       1%          2    ##.....
 Force Lance              Conj/Tloc      ###.....     36%         4    ####...
 Fulminant Prism          Conj/Hex       ###.......   36%         4    ####...


Dungeon Overview and Level Annotations

Branches:
Dungeon (4/15)
 Temple: D:4-7

Altars:
Ashenzari
Qazlal
Wu Jian

Annotations:
D:4 highc0's ghost, novice HaWr


Innate Abilities, Weirdness & Mutations

Your plain brown scales are hard. (AC +6)
You cannot fit into any form of body armour.
You are cold-blooded and may be slowed by cold attacks.


Message History

You don't have enough magic to cast that spell.
You closely miss highc0's ghost. Highc0's ghost barely misses you.
Highc0's ghost shrieks, "They lied to you.
The Dungeon just goes down and down forever."
Aim: highc0's ghost (lightly damaged, shrouded)
The orb of energy hits highc0's ghost.
The orb of energy explodes!
You are feeling hungry.
Highc0's ghost misses you. Highc0's ghost completely misses you.
You riposte.
You closely miss highc0's ghost.
Highc0's ghost says, "The bigger they are, the harder they fall!"
You see here a +2 whip of electrocution.
z - a +2 whip of electrocution Highc0's ghost hits you!
Wield which item (- for none, * to show all)? (? for menu, Esc to quit)
You hear the crackle of electricity.
z - a +2 whip of electrocution (weapon)
Aim: highc0's ghost (lightly damaged, shrouded)
The orb of energy hits highc0's ghost!
The orb of energy explodes!
Highc0's ghost barely misses you.
You closely miss highc0's ghost.
Highc0's ghost hits you but does no damage.
Highc0's ghost's shroud bends your attack away.
Highc0's ghost hits you!
You hit highc0's ghost but do no damage.
You tail-slap highc0's ghost, but do no damage.
Highc0's ghost hits you.
You barely miss highc0's ghost. Highc0's ghost misses you.
You block highc0's ghost's attack.
You barely miss highc0's ghost.
Highc0's ghost hits you but does no damage.
You barely miss highc0's ghost.
Highc0's ghost hits you but does no damage.
You closely miss highc0's ghost. Highc0's ghost barely misses you.
You closely miss highc0's ghost.
Your tail-slap misses highc0's ghost.
Highc0's ghost barely misses you.
You hit highc0's ghost but do no damage.
Highc0's ghost misses you.
You closely miss highc0's ghost.
Your tail-slap misses highc0's ghost.
Highc0's ghost hits you!
* * * LOW HITPOINT WARNING * * *
You closely miss highc0's ghost. Highc0's ghost hits you!
* * * LOW HITPOINT WARNING * * *
You closely miss highc0's ghost.
Your tail-slap misses highc0's ghost.
Highc0's ghost completely misses you.
You closely miss highc0's ghost. Highc0's ghost hits you!
* * * LOW HITPOINT WARNING * * *
You closely miss highc0's ghost.
Your tail-slap misses highc0's ghost.
Highc0's ghost closely misses you. You block highc0's ghost's attack.
You barely miss highc0's ghost. Highc0's ghost hits you!
You die...

......############......#
.#...........#..........#
.#.......###............#
.#....##...###..........#
.[.)<.####.# ###........#####
#.....## #.#####...###......##
#......###.........##........##
######........<#[..#..........#
# ###....##.W@.............# #
###...........)............#
####...#..........##..........#
#....###.....##...##.)........#
..#######....#....###.(......##
.## ##..>##...#..###........##
######..####.###..##..........#
##....## ##.# #..##......)<..#
#..#### #..# #..#...........#


You could see highc0's ghost.

Vanquished Creatures
  Grinder (D:3)
  A phantom (D:3)
  An orc priest (D:4)
  Jessica (D:3)
  An orc wizard (D:3)
  A gnoll (D:1)
  An adder (D:2)
  An ooze (D:4)
  2 leopard geckos (D:4)
  14 orcs
  A bat (D:1)
  4 giant cockroaches
  6 goblins
  3 hobgoblins
  9 jackals
  4 kobolds
  2 quokkas (D:2)
  5 frilled lizards
  5 rats
63 creatures vanquished.

Notes
Turn   | Place    | Note
-------+----------+-------------------------------------------
     0 | D:1      | MalarOregon the Draconian Conjurer began the quest for the
                  | Orb.
     0 | D:1      | Reached XP level 1. HP: 14/14 MP: 3/3
   557 | D:1      | Reached XP level 2. HP: 22/22 MP: 0/5
   799 | D:1      | Reached skill level 1 in Fighting
  1207 | D:2      | Reached XP level 3. HP: 20/28 MP: 2/6
  1532 | D:2      | Found a stormy altar of Qazlal.
  1591 | D:2      | Found a shattered altar of Ashenzari.
  2117 | D:2      | Learned a level 3 spell: Dazzling Spray
  2465 | D:3      | Noticed Grinder
  2541 | D:3      | Noticed a phantom
  2629 | D:3      | Noticed Jessica
  3054 | D:3      | Reached skill level 5 in Conjurations
  3054 | D:3      | Reached XP level 4. HP: 11/36 MP: 0/8
  3267 | D:3      | Learned a level 4 spell: Iskenderun's Mystic Blast
  3642 | D:4      | Found a runed translucent door.
  3642 | D:4      | Noticed highc0's ghost (novice HaWr)
  3656 | D:4      | Found an ornate altar of the Wu Jian Council.
  4219 | D:3      | Paralysed by Grinder for 2 turns
  4221 | D:3      | Killed Grinder
  4221 | D:3      | Reached skill level 6 in Conjurations
  4221 | D:3      | Reached XP level 5. HP: 19/45 MP: 0/10
  4221 | D:3      | Reached XP level 6. HP: 22/51 MP: 0/11
  4447 | D:3      | Killed Jessica
  4851 | D:4      | Slain by highc0's ghost

Levels and vault maps discovered:
D:1:      minmay_arrival_five_plusses, layout_loops_ring
D:2:      layout_loops_ring, ashenzari_conservatory_becter,
          grunt_qazlal_sundering
D:3:      layout_loops_cross, uniq_jessica, uniq_grinder
D:4:      layout_rooms, kennysheep_little_box, gammafunk_ghost_grave

Skill      XL: |  1  2  3  4 |
---------------+-------------+-----
Fighting       | 1 3 |  3.6
Conjurations   | 5 6 |  6.4
Spellcasting   | 3 |  3.7
Dodging        | |  1.7
Stealth        | |  1.7

Action                   |  1- 3 |  4- 6 || total
-------------------------+-------+-------++-------
Melee: Short sword       |    37 |       ||    37
       Tailslap          |     3 |     2 ||     5
       Falchion          |       |     5 ||     5
       Flail             |       |     1 ||     1
       Whip              |       |    15 ||    15
 Cast: Magic Dart        |    88 |    78 ||   166
       Dazzling Spray    |       |     1 ||     1
       Iskenderun's Myst |       |     4 ||     4
Evoke: Wand              |       |     3 ||     3
  Use: Scroll            |     5 |       ||     5
  Eat: Chunk             |     8 |     2 ||    10
       Ration            |       |     1 ||     1
Armor: Skin              |    32 |     4 ||    36
Dodge: Dodged            |    56 |    17 ||    73
Block: Other             |       |     6 ||     6
       Rpst.: Falchion   |       |     2 ||     2

Table legend:
 A = Non-vault XP
 B = Vault XP
 C = Vault XP percentage of total XP
 D = Non-vault monster count
 E = Vault monster count
 F = Vault count percentage of total count
                 A         B        C        D         E       F
            +---------+---------+-------+---------+---------+-------
      Total |     346 |     318 |  47.9 |      61 |       2 |   3.2
            +---------+---------+-------+---------+---------+-------
        D:1 |      34 |       0 |   0.0 |      13 |       0 |   0.0
        D:2 |      35 |       0 |   0.0 |      13 |       0 |   0.0
        D:3 |     190 |     318 |  62.6 |      18 |       2 |  10.0
        D:4 |      87 |       0 |   0.0 |      17 |       0 |   0.0
            +---------+---------+-------+---------+---------+-------
